Canucks vs Sabres

Created - 20 octobre 2017 at 15:55

Goals
1 2 3 T
Canucks 1 0 0 1
Sabres 1 4 0 5
Shots
1 2 3 T
Canucks 6 7 11 24
Sabres 9 7 13 29

1st period

1. Canucks , Adam Henrique 2 (Alexander Edler 7, Tomas Plekanec 2) at 5:10
2. Sabres , Alexander Frolov 6 (Darren Helm 7, Daniel Briere 8) at 12:58

Penalties :
Zach Bogosian (VAN) for Delaying the game (Minor) at 1:57, Simon Despres (BUF) for Tripping (Minor) at 8:33, Janne Lahti (BUF) for Hooking (Minor) at 14:43

2nd period

3. Sabres , Janne Lahti 1 (Olli Maata 1, Cory Conacher 1) at 2:40
4. Sabres , Nicklas Backstrom 2 (Andrej Sekera 6) at 6:18 (SH)
5. Sabres , Alexander Frolov 7 (Daniel Briere 9, Darren Helm 8) at 11:08
6. Sabres , Darren Helm 3 (Alexander Frolov 7, Andrej Sekera 7) at 12:48 (PP)

Penalties :
Daniel Briere (BUF) for Roughing (Minor) at 4:56, Janne Lahti (BUF) for High sticking (Minor) at 7:19, Zach Bogosian (VAN) for Hooking (Minor) at 11:35, Brent Seabrook (BUF) for Tripping (Minor) at 16:48

3rd period

No Goal

Penalties :
Brent Seabrook (BUF) for Hooking (Minor) at 0:16, Zach Bogosian (VAN) for Slashing (Minor) at 2:31, Connor Murphy (BUF) for Slashing (Minor) at 7:17, T.J. Oshie (VAN) for Hooking (Minor) at 15:31

Goalie Stats

Chad Johnson (VAN), 24 saves from 29 shots - (0,828), L, 0-1-0, 60:00 minutes
Michal Neuvirth (BUF), 23 saves from 24 shots - (0,958), W, 6-2-0, 60:00 minutes

Players Stats for Canucks

Player Name              G  A  P  +/- PIM S  H  SB GA TA FO     MP     PP MP  PK MP  
------------------------------------------------------------------------------------
*Nolan Patrick           0  0  0   0  0   2  1  0  0  0  12/22  19:24   6:28   0:00 
Adam Cracknell           0  0  0   0  0   0  0  0  0  0  0/0     0:00   0:00   0:00 
Adam Henrique            1  0  1  -1  0   3  0  0  0  0  0/0    12:50   0:00   0:00 
Alexander Edler          0  1  1   0  0   3  2  1  0  0  0/0    22:51   6:40   2:54 
Brayden Point            0  0  0   0  0   0  1  0  0  0  0/1     8:48   0:00   0:00 
Jaccob Slavin            0  0  0  -1  0   0  3  2  0  0  0/0    21:47   6:05   3:07 
Jannik Hansen            0  0  0  -1  0   3  2  0  0  0  2/2    22:02   6:28   2:23 
Jordan Eberle            0  0  0  -1  0   0  0  0  0  0  1/2    19:39   6:28   0:00 
Karl Alzner              0  0  0   0  0   1  1  0  0  0  0/0    23:55   7:13   4:07 
Logan Couture            0  0  0  -2  0   0  0  1  0  0  8/25   22:59   7:25   2:23 
Luke Glendening          0  0  0  -1  0   0  2  0  0  0  1/1     8:49   0:00   4:47 
Marc Staal               0  0  0  -3  0   1  1  1  0  0  0/0    20:19   7:13   0:17 
Micheal Haley            0  0  0   0  0   0  0  0  0  0  0/0     0:00   0:00   0:00 
Paul Martin              0  0  0   1  0   0  0  2  0  0  0/0    17:04   0:00   3:31 
Radim Vrbata             0  0  0  -1  0   6  2  0  0  0  2/4    20:21   7:25   0:00 
T.J. Oshie               0  0  0  -1  2   3  3  0  0  0  0/0    20:20   7:25   0:00 
Tomas Plekanec           0  1  1  -1  0   1  0  0  0  0  12/20  17:37   0:00   4:47 
Zach Bogosian            0  0  0  -3  6   1  5  1  0  0  0/0    14:01   0:35   0:24 

Players Stats for Sabres

Player Name              G  A  P  +/- PIM S  H  SB GA TA FO     MP     PP MP  PK MP  
------------------------------------------------------------------------------------
Alexander Frolov         2  1  3   1  0   5  0  0  0  0  2/3    19:04   4:17   0:21 
Andrej Sekera            0  2  2   1  0   3  0  2  0  0  0/0    26:28   4:17   7:44 
Brandon Pirri            0  0  0   1  0   0  0  0  0  0  3/6    10:31   0:00   0:11 
Brent Seabrook           0  0  0   1  4   0  7  1  0  0  0/0    25:26   4:17   5:40 
Connor Murphy            0  0  0   1  2   1  3  0  0  0  0/0    12:35   0:00   0:03 
Cory Conacher            0  1  1   1  0   0  0  0  0  0  0/0    10:20   0:00   0:00 
Daniel Briere            0  2  2   1  2   2  6  0  0  0  9/21   21:11   2:53   3:53 
Darren Helm              1  2  3   1  0   4  0  0  0  0  1/3    23:14   4:17   4:31 
Dougie Hamilton          0  0  0   1  0   1  0  1  0  0  0/0    21:15   2:53   6:25 
J.P. Dumont              0  0  0   0  0   3  0  0  0  0  0/0    12:13   2:53   0:04 
James Van Riemsdyk       0  0  0   1  0   1  0  0  0  0  0/1    20:37   2:53   8:28 
Janne Lahti              1  0  1   1  4   1  3  0  0  0  0/0    10:18   0:00   0:00 
Mike Iggulden            0  0  0   0  0   0  2  0  0  0  0/0     4:55   0:00   0:00 
Milan Lucic              0  0  0   0  0   0  0  0  0  0  2/2     6:45   0:00   1:50 
Nicklas Backstrom        1  0  1   1  0   6  0  0  0  0  22/37  22:01   4:17   8:28 
Olli Maata               0  1  1   1  0   0  0  2  0  0  0/0    13:50   0:00   2:21 
Simon Despres            0  0  0   1  2   1  6  0  0  0  0/0    20:22   2:53   5:33 
Victor Rask              0  0  0   0  0   1  0  0  0  0  0/4     4:55   0:00   0:00 

3 Stars

1 - Alexander Frolov (BUF)
2 - Darren Helm (BUF)
3 - Daniel Briere (BUF)

Power Play

Canucks - 0 on 7 Attempt(s) - 0,00%
Sabres - 1 on 4 Attempt(s) - 25,00%

Penalty Kill

Canucks - 3 on 4 Attempt(s) - 75,00% - Score 0 goal in Penalty Kill
Sabres - 7 on 7 Attempt(s) - 100,00% - Score 1 goal in Penalty Kill

Team Stat

Canucks - Hits : 23 - Faceoff Wins : 38 - Blocked Shots : 8 - Penalty Minutes : 8
Sabres - Hits : 27 - Faceoff Wins : 39 - Blocked Shots : 6 - Penalty Minutes : 14

Official

Referees : Gord Dwyer and David Banfield
Linesman : Derek Nansen and Matt McNulty

Game Notes

No Game Note

Finance

Level 1 -- Attendance: 6250 (100,00%) -- Ticket Income 593 750 $
Level 2 -- Attendance: 5118 (97,49%) -- Ticket Income 307 080 $
Level 3 -- Attendance: 2610 (80,31%) -- Ticket Income 83 520 $
Level 4 -- Attendance: 4250 (100,00%) -- Ticket Income 85 000 $
Luxury Box -- Attendance: 1265 (100,00%) -- Ticket Income 253 000 $
Game was played at the MTS Centre.
Total Attendance: 19493 (96,19%)
Total Ticket Income: 1 322 350 $
Other Income: 647 952 $
Total Income: 1 970 302 $

Canucks

5 vs 5 Forward 
   Center                   Left Wing                Right Wing               Time % Phy DF OF 
 1 Logan Couture            Jannik Hansen            Jordan Eberle            36     0   2  3  
 2 *Nolan Patrick           Radim Vrbata             T.J. Oshie               34     0   2  3  
 3 Tomas Plekanec           Adam Henrique            Brayden Point            20     0   2  3  
 4 Tomas Plekanec           Adam Henrique            Luke Glendening          10     0   3  2  

5 vs 5 Defense 
   Defense                  Defense                                           Time % Phy DF OF 
 1 Paul Martin              Alexander Edler                                   36     0   3  2  
 2 Karl Alzner              Jaccob Slavin                                     34     0   3  2  
 3 Marc Staal               Zach Bogosian                                     20     0   3  2  
 4 Marc Staal               Zach Bogosian                                     10     0   3  2  

PowerPlay Forward 
   Center                   Left Wing                Right Wing               Time % Phy DF OF 
 1 Logan Couture            Radim Vrbata             T.J. Oshie               55     0   1  4  
 2 *Nolan Patrick           Jannik Hansen            Jordan Eberle            45     0   1  4  

PowerPlay Defense
   Defense                  Defense                                           Time % Phy DF OF 
 1 Jaccob Slavin            Alexander Edler                                   60     0   1  4  
 2 Karl Alzner              Marc Staal                                        40     0   1  4  

Penalty Kill 4 Players Forward 
   Center                   Wing                     Time % Phy DF OF 
 1 Tomas Plekanec           Luke Glendening          55     0   4  1  
 2 Logan Couture            Jannik Hansen            45     0   4  1  

Penalty Kill 4 Players Defense
   Defense                  Defense                  Time % Phy DF OF 
 1 Karl Alzner              Paul Martin              60     0   4  1  
 2 Alexander Edler          Zach Bogosian            40     0   4  1  

Penalty Kill - 3 Players Forward 
   Forward                                           Time % Phy DF OF 
 1 Luke Glendening                                   55     0   4  1  
 2 Tomas Plekanec                                    45     0   4  1  

Penalty Kill - 3 Players Defense
   Defense                  Defense                  Time % Phy DF OF 
 1 Karl Alzner              Paul Martin              60     0   4  1  
 2 Alexander Edler          Zach Bogosian            40     0   4  1  

4 vs 4 Forward 
   Center                   Wing                     Time % Phy DF OF 
 1 Adam Henrique            T.J. Oshie               60     0   2  3  
 2 *Nolan Patrick           Brayden Point            40     0   2  3  

4 vs 4 Defense
   Defense                  Defense                  Time % Phy DF OF 
 1 Karl Alzner              Marc Staal               60     0   2  3  
 2 Jaccob Slavin            Paul Martin              40     0   2  3  

Last Minutes Offensive
   Center                   Left Wing                Right Wing               Defense                  Defense                  
   Logan Couture            Radim Vrbata             Jordan Eberle            Alexander Edler          Jaccob Slavin            

Last Minutes Defensive
   Center                   Left Wing                Right Wing               Defense                  Defense                  
   Tomas Plekanec           Logan Couture            Luke Glendening          Karl Alzner              Paul Martin              

Goaltenders
Starting : Chad Johnson             
Backup : Cam Talbot               

Extra Forwards
Normal : Luke Glendening, Jannik Hansen, Brayden Point - PP : Brayden Point, *Nolan Patrick - PK : Jannik Hansen
Extra Defensemen
Normal : Paul Martin, Zach Bogosian, Karl Alzner - PP : Zach Bogosian - PK : Jaccob Slavin, Marc Staal
Penalty Shots
T.J. Oshie, Jordan Eberle, Radim Vrbata, Logan Couture, Alexander Edler
Custom OT Lines Forwards
T.J. Oshie, Radim Vrbata, Jordan Eberle, Logan Couture, Adam Henrique, Tomas Plekanec, Jannik Hansen, Luke Glendening, *Nolan Patrick, Brayden Point
Custom OT Lines Defensemen
Alexander Edler, Karl Alzner, Jaccob Slavin, Marc Staal, Zach Bogosian

Scratches
None

Sabres

5 vs 5 Forward 
   Center                   Left Wing                Right Wing               Time % Phy DF OF 
 1 Daniel Briere            Alexander Frolov         Darren Helm              40     0   2  3  
 2 Nicklas Backstrom        James Van Riemsdyk       J.P. Dumont              30     0   2  3  
 3 Brandon Pirri            Janne Lahti              Cory Conacher            20     0   2  3  
 4 Victor Rask              Milan Lucic              Mike Iggulden            10     0   3  2  

5 vs 5 Defense 
   Defense                  Defense                                           Time % Phy DF OF 
 1 Brent Seabrook           Andrej Sekera                                     40     0   4  1  
 2 Dougie Hamilton          Simon Despres                                     30     0   4  1  
 3 Connor Murphy            Olli Maata                                        20     0   4  1  
 4 Connor Murphy            Brent Seabrook                                    10     0   5  0  

PowerPlay Forward 
   Center                   Left Wing                Right Wing               Time % Phy DF OF 
 1 Nicklas Backstrom        Alexander Frolov         Darren Helm              60     0   0  5  
 2 Daniel Briere            James Van Riemsdyk       J.P. Dumont              40     0   0  5  

PowerPlay Defense
   Defense                  Defense                                           Time % Phy DF OF 
 1 Brent Seabrook           Andrej Sekera                                     60     0   1  4  
 2 Dougie Hamilton          Simon Despres                                     40     0   1  4  

Penalty Kill 4 Players Forward 
   Center                   Wing                     Time % Phy DF OF 
 1 Nicklas Backstrom        James Van Riemsdyk       60     0   4  1  
 2 Daniel Briere            Darren Helm              40     0   4  1  

Penalty Kill 4 Players Defense
   Defense                  Defense                  Time % Phy DF OF 
 1 Brent Seabrook           Andrej Sekera            60     0   5  0  
 2 Dougie Hamilton          Simon Despres            40     0   5  0  

Penalty Kill - 3 Players Forward 
   Forward                                           Time % Phy DF OF 
 1 Daniel Briere                                     60     0   5  0  
 2 Nicklas Backstrom                                 40     0   5  0  

Penalty Kill - 3 Players Defense
   Defense                  Defense                  Time % Phy DF OF 
 1 Brent Seabrook           Andrej Sekera            60     0   5  0  
 2 Dougie Hamilton          Simon Despres            40     0   5  0  

4 vs 4 Forward 
   Center                   Wing                     Time % Phy DF OF 
 1 Nicklas Backstrom        J.P. Dumont              60     0   2  3  
 2 Daniel Briere            Darren Helm              40     0   2  3  

4 vs 4 Defense
   Defense                  Defense                  Time % Phy DF OF 
 1 Brent Seabrook           Andrej Sekera            60     0   4  1  
 2 Dougie Hamilton          Simon Despres            40     0   4  1  

Last Minutes Offensive
   Center                   Left Wing                Right Wing               Defense                  Defense                  
   Nicklas Backstrom        Alexander Frolov         Daniel Briere            Brent Seabrook           Andrej Sekera            

Last Minutes Defensive
   Center                   Left Wing                Right Wing               Defense                  Defense                  
   Nicklas Backstrom        Alexander Frolov         Daniel Briere            Brent Seabrook           Andrej Sekera            

Goaltenders
Starting : Michal Neuvirth          
Backup : Jake Allen               

Extra Forwards
Normal : Darren Helm, James Van Riemsdyk, Milan Lucic - PP : Darren Helm, James Van Riemsdyk - PK : Milan Lucic
Extra Defensemen
Normal : Connor Murphy, Brent Seabrook, Dougie Hamilton - PP : Connor Murphy - PK : Brent Seabrook, Dougie Hamilton
Penalty Shots
Daniel Briere, James Van Riemsdyk, Nicklas Backstrom, J.P. Dumont, Darren Helm
Custom OT Lines Forwards
Alexander Frolov, Nicklas Backstrom, Daniel Briere, Darren Helm, J.P. Dumont, James Van Riemsdyk, Cory Conacher, Milan Lucic, Janne Lahti, Brandon Pirri
Custom OT Lines Defensemen
Brent Seabrook, Andrej Sekera, Dougie Hamilton, Simon Despres, Connor Murphy

Scratches
Jordan Nolan (Healthy), Jonathan Blum (Right Leg Injury)

% Time on Ice - Canucks

Lines # - Real PCT - Wanted PCT - Time Play
Normal Forward
1 - 34% - 36% - 13:11
2 - 33% - 34% - 12:56
3 - 23% - 20% - 8:48
4 - 10% - 10% - 4:02
Normal Defense
1 - 35% - 36% - 13:33
2 - 32% - 34% - 12:35
3 - 24% - 20% - 9:21
4 - 9% - 10% - 3:28
PP Forward
1 - 53% - 55% - 7:25
2 - 47% - 45% - 6:28
PP Defense
1 - 48% - 60% - 6:40
2 - 52% - 40% - 7:13
PK Forward
1 - 67% - 55% - 4:47
2 - 33% - 45% - 2:23
PK Defense
1 - 57% - 60% - 4:07
2 - 43% - 40% - 3:03
PK3 Forward
1 - 0% - 55%
2 - 0% - 45%
PK3 Defense
1 - 0% - 60%
2 - 0% - 40%
44 Forward
1 - 0% - 60%
2 - 0% - 40%
44 Defense
1 - 0% - 60%
2 - 0% - 40%
Last Minute Offensive  - 0:00
Last Minute Defensive  - 0:00
Total
Forward - 60:00
Defense - 60:00

% Time on Ice - Sabres

Lines # - Real PCT - Wanted PCT - Time Play
Normal Forward
1 - 37% - 40% - 14:26
2 - 24% - 30% - 9:16
3 - 27% - 20% - 10:20
4 - 13% - 10% - 4:55
Normal Defense
1 - 37% - 40% - 14:27
2 - 31% - 30% - 11:57
3 - 29% - 20% - 11:29
4 - 3% - 10% - 1:04
PP Forward
1 - 60% - 60% - 4:17
2 - 40% - 40% - 2:53
PP Defense
1 - 60% - 60% - 4:17
2 - 40% - 40% - 2:53
PK Forward
1 - 65% - 60% - 9:00
2 - 35% - 40% - 4:53
PK Defense
1 - 60% - 60% - 8:20
2 - 40% - 40% - 5:33
PK3 Forward
1 - 0% - 60%
2 - 0% - 40%
PK3 Defense
1 - 0% - 60%
2 - 0% - 40%
44 Forward
1 - 0% - 60%
2 - 0% - 40%
44 Defense
1 - 0% - 60%
2 - 0% - 40%
Last Minute Offensive  - 0:00
Last Minute Defensive  - 0:00
Total
Forward - 60:00
Defense - 60:00

Play by Play

1st period


0:01 of 1st period - Daniel Briere wins face-off versus Logan Couture in neutral zone.
0:06 of 1st period - Shot by Alexander Frolov.
0:06 of 1st period - Shot Blocked by Logan Couture.
0:16 of 1st period - Shot by Daniel Briere.
0:16 of 1st period - Deflect By Darren Helm.
0:16 of 1st period - Shot Blocked by Alexander Edler.
0:21 of 1st period - Jannik Hansen is hit by Daniel Briere and loses puck.
0:46 of 1st period - Icing by Brent Seabrook.
0:47 of 1st period - Daniel Briere wins face-off versus *Nolan Patrick in Sabres zone.
1:18 of 1st period - Shot by T.J. Oshie.
1:18 of 1st period - Shot Blocked by Dougie Hamilton.
1:57 of 1st period - Minor Penalty to Zach Bogosian for Delaying the game.
1:58 of 1st period - Alexander Frolov wins face-off versus Tomas Plekanec in Canucks zone.
2:01 of 1st period - Shot by Brent Seabrook.
2:01 of 1st period - Shot Misses the Net.
2:21 of 1st period - Shot by Alexander Frolov.
2:21 of 1st period - Stopped by Chad Johnson without a rebound.
2:22 of 1st period - Daniel Briere wins face-off versus Tomas Plekanec in Canucks zone.
2:25 of 1st period - Shot by Dougie Hamilton.
2:25 of 1st period - Stopped by Chad Johnson with a rebound.
3:05 of 1st period - Shot by Andrej Sekera.
3:05 of 1st period - Shot Misses the Net.
3:07 of 1st period - Shot by Andrej Sekera.
3:07 of 1st period - Stopped by Chad Johnson without a rebound.
3:08 of 1st period - Logan Couture wins face-off versus Nicklas Backstrom in Canucks zone.
3:41 of 1st period - Shot by Darren Helm.
3:41 of 1st period - Stopped by Chad Johnson without a rebound.
3:42 of 1st period - Tomas Plekanec wins face-off versus Daniel Briere in Canucks zone.
3:42 of 1st period - Tomas Plekanec is hit by Daniel Briere.
4:06 of 1st period - Shot by *Nolan Patrick.
4:06 of 1st period - Shot Misses the Net.
5:00 of 1st period - Off-side.
5:01 of 1st period - Tomas Plekanec wins face-off versus Daniel Briere in neutral zone.
5:10 of 1st period - Shot by Adam Henrique.
5:10 of 1st period - Goal by Adam Henrique - Canucks : 1 - Sabres : 0.
5:11 of 1st period - Nicklas Backstrom wins face-off versus Logan Couture in neutral zone.
7:10 of 1st period - *Nolan Patrick is hit by Simon Despres and loses puck.
7:19 of 1st period - Shot by T.J. Oshie.
7:19 of 1st period - Stopped by Michal Neuvirth with a rebound.
7:58 of 1st period - Jannik Hansen is hit by Simon Despres and loses puck.
8:29 of 1st period - Jaccob Slavin is hit by Simon Despres and loses puck.
8:33 of 1st period - Minor Penalty to Simon Despres for Tripping.
8:34 of 1st period - Nicklas Backstrom wins face-off versus Logan Couture in Sabres zone.
8:40 of 1st period - Icing by T.J. Oshie.
8:41 of 1st period - Nicklas Backstrom wins face-off versus Logan Couture in Canucks zone.
8:52 of 1st period - Shot by Nicklas Backstrom.
8:52 of 1st period - Stopped by Chad Johnson without a rebound.
8:53 of 1st period - Nicklas Backstrom wins face-off versus *Nolan Patrick in Canucks zone.
9:21 of 1st period - Shot by Alexander Edler.
9:21 of 1st period - Shot Misses the Net.
9:59 of 1st period - Shot by Karl Alzner.
9:59 of 1st period - Stopped by Michal Neuvirth without a rebound.
10:00 of 1st period - Milan Lucic wins face-off versus Logan Couture in Sabres zone.
10:15 of 1st period - Shot by Karl Alzner.
10:15 of 1st period - Shot Misses the Net.
11:29 of 1st period - Jaccob Slavin is hit by Janne Lahti and loses puck.
11:33 of 1st period - Icing by Jaccob Slavin.
11:34 of 1st period - Jannik Hansen wins face-off versus Victor Rask in Canucks zone.
12:30 of 1st period - Shot by Radim Vrbata.
12:30 of 1st period - Stopped by Michal Neuvirth without a rebound.
12:31 of 1st period - Nicklas Backstrom wins face-off versus Tomas Plekanec in Sabres zone.
12:31 of 1st period - Nicklas Backstrom is hit by Luke Glendening.
12:38 of 1st period - Off-side.
12:39 of 1st period - Darren Helm wins face-off versus Tomas Plekanec in neutral zone.
12:49 of 1st period - Darren Helm is hit by Zach Bogosian and loses puck.
12:58 of 1st period - Shot by Alexander Frolov.
12:58 of 1st period - Goal by Alexander Frolov - Canucks : 1 - Sabres : 1.
12:59 of 1st period - Nicklas Backstrom wins face-off versus *Nolan Patrick in neutral zone.
13:09 of 1st period - Shot by J.P. Dumont.
13:09 of 1st period - Stopped by Chad Johnson without a rebound.
13:10 of 1st period - Logan Couture wins face-off versus Daniel Briere in Canucks zone.
13:42 of 1st period - Shot by Daniel Briere.
13:42 of 1st period - Shot Misses the Net.
13:47 of 1st period - Daniel Briere is hit by Jaccob Slavin and loses puck.
14:16 of 1st period - Shot by J.P. Dumont.
14:16 of 1st period - Shot Misses the Net.
14:18 of 1st period - Shot by Nicklas Backstrom.
14:18 of 1st period - Stopped by Chad Johnson without a rebound.
14:19 of 1st period - Brandon Pirri wins face-off versus *Nolan Patrick in Canucks zone.
14:25 of 1st period - Cory Conacher is hit by Alexander Edler.
14:43 of 1st period - Minor Penalty to Janne Lahti for Hooking.
14:44 of 1st period - Nicklas Backstrom wins face-off versus Logan Couture in Sabres zone.
15:44 of 1st period - Shot by Alexander Edler.
15:44 of 1st period - Stopped by Michal Neuvirth without a rebound.
15:45 of 1st period - *Nolan Patrick wins face-off versus Nicklas Backstrom in Sabres zone.
16:26 of 1st period - Icing by Jannik Hansen.
16:27 of 1st period - *Nolan Patrick wins face-off versus Daniel Briere in Canucks zone.
17:02 of 1st period - Tomas Plekanec is hit by Mike Iggulden and loses puck.
17:24 of 1st period - Icing by Olli Maata.
17:25 of 1st period - *Nolan Patrick wins face-off versus Victor Rask in Sabres zone.
17:32 of 1st period - Shot by Radim Vrbata.
17:32 of 1st period - Shot Blocked by Olli Maata.
17:34 of 1st period - Shot by Paul Martin.
17:34 of 1st period - Shot Blocked by Olli Maata.
17:44 of 1st period - Shot by T.J. Oshie.
17:44 of 1st period - Shot Misses the Net.
17:46 of 1st period - Shot by *Nolan Patrick.
17:46 of 1st period - Stopped by Michal Neuvirth without a rebound.
17:47 of 1st period - Tomas Plekanec wins face-off versus Daniel Briere in Sabres zone.
17:59 of 1st period - Alexander Frolov is hit by Jaccob Slavin and loses puck.
18:21 of 1st period - Icing by Brent Seabrook.
18:22 of 1st period - Jannik Hansen wins face-off versus Alexander Frolov in Sabres zone.
19:25 of 1st period - Shot by Nicklas Backstrom.
19:25 of 1st period - Deflect By J.P. Dumont.
19:25 of 1st period - Stopped by Chad Johnson without a rebound.
19:26 of 1st period - Tomas Plekanec wins face-off versus Brandon Pirri in Canucks zone.
19:36 of 1st period - Icing by Connor Murphy.
19:37 of 1st period - Brandon Pirri wins face-off versus Radim Vrbata in Sabres zone.
Goals for this period are 1 for Canucks vs 1 for Sabres.
Shots for this period are 6 for Canucks vs 9 for Sabres.

2nd period


0:01 of 2nd period - Radim Vrbata wins face-off versus Nicklas Backstrom in neutral zone.
0:25 of 2nd period - Icing by Paul Martin.
0:26 of 2nd period - Daniel Briere wins face-off versus *Nolan Patrick in Canucks zone.
0:37 of 2nd period - Daniel Briere is hit by T.J. Oshie and loses puck.
2:15 of 2nd period - Brandon Pirri is hit by Zach Bogosian and loses puck.
2:38 of 2nd period - Shot by Cory Conacher.
2:38 of 2nd period - Shot Misses the Net.
2:40 of 2nd period - Shot by Olli Maata.
2:40 of 2nd period - Deflect By Janne Lahti.
2:40 of 2nd period - Goal by Janne Lahti - Canucks : 1 - Sabres : 2.
2:41 of 2nd period - *Nolan Patrick wins face-off versus Daniel Briere in neutral zone.
2:59 of 2nd period - Icing by Paul Martin.
3:00 of 2nd period - *Nolan Patrick wins face-off versus Victor Rask in Canucks zone.
3:00 of 2nd period - Radim Vrbata is hit by Mike Iggulden and loses puck.
3:26 of 2nd period - Icing by *Nolan Patrick.
3:27 of 2nd period - *Nolan Patrick wins face-off versus Daniel Briere in Canucks zone.
3:32 of 2nd period - Shot by Radim Vrbata.
3:32 of 2nd period - Shot Hit the Post.
3:38 of 2nd period - Shot by T.J. Oshie.
3:38 of 2nd period - Stopped by Michal Neuvirth without a rebound.
3:39 of 2nd period - Jordan Eberle wins face-off versus Nicklas Backstrom in Sabres zone.
3:39 of 2nd period - Logan Couture is hit by Brent Seabrook and loses puck.
3:51 of 2nd period - Andrej Sekera is hit by Jaccob Slavin and loses puck.
3:59 of 2nd period - Jordan Eberle is hit by Brent Seabrook.
4:02 of 2nd period - Jannik Hansen is hit by Brent Seabrook and loses puck.
4:36 of 2nd period - Jaccob Slavin is hit by Simon Despres.
4:47 of 2nd period - Adam Henrique is hit by Simon Despres and loses puck.
4:56 of 2nd period - Minor Penalty to Daniel Briere for Roughing.
4:57 of 2nd period - Logan Couture wins face-off versus Nicklas Backstrom in Sabres zone.
5:12 of 2nd period - Shot by Alexander Edler.
5:12 of 2nd period - Stopped by Michal Neuvirth without a rebound.
5:13 of 2nd period - Milan Lucic wins face-off versus *Nolan Patrick in Sabres zone.
6:02 of 2nd period - Shot by Darren Helm.
6:02 of 2nd period - Shot Blocked by Marc Staal.
6:14 of 2nd period - Shot by Darren Helm.
6:14 of 2nd period - Stopped by Chad Johnson without a rebound.
6:15 of 2nd period - Nicklas Backstrom wins face-off versus Logan Couture in Canucks zone.
6:18 of 2nd period - Shot by Nicklas Backstrom.
6:18 of 2nd period - Goal by Nicklas Backstrom - Canucks : 1 - Sabres : 3.
6:19 of 2nd period - Logan Couture wins face-off versus Nicklas Backstrom in neutral zone.
6:33 of 2nd period - Brent Seabrook is hit by T.J. Oshie.
6:56 of 2nd period - T.J. Oshie is hit by Connor Murphy and loses puck.
7:04 of 2nd period - Olli Maata is hit by Zach Bogosian.
7:18 of 2nd period - Adam Henrique is hit by Janne Lahti and loses puck.
7:19 of 2nd period - Minor Penalty to Janne Lahti for High sticking.
7:20 of 2nd period - Radim Vrbata wins face-off versus Nicklas Backstrom in Sabres zone.
7:23 of 2nd period - Shot by T.J. Oshie.
7:23 of 2nd period - Shot Misses the Net.
7:25 of 2nd period - Shot by Jaccob Slavin.
7:25 of 2nd period - Deflect By Radim Vrbata.
7:25 of 2nd period - Stopped by Michal Neuvirth without a rebound.
7:26 of 2nd period - Nicklas Backstrom wins face-off versus Logan Couture in Sabres zone.
7:43 of 2nd period - Shot by Jaccob Slavin.
7:43 of 2nd period - Shot Misses the Net.
7:45 of 2nd period - Shot by Radim Vrbata.
7:45 of 2nd period - Stopped by Michal Neuvirth with a rebound.
7:51 of 2nd period - Shot by Alexander Edler.
7:51 of 2nd period - Stopped by Michal Neuvirth without a rebound.
7:52 of 2nd period - *Nolan Patrick wins face-off versus Nicklas Backstrom in Sabres zone.
7:57 of 2nd period - Shot by Marc Staal.
7:57 of 2nd period - Stopped by Michal Neuvirth with a rebound.
9:02 of 2nd period - Icing by T.J. Oshie.
9:03 of 2nd period - Nicklas Backstrom wins face-off versus Logan Couture in Canucks zone.
9:34 of 2nd period - Cory Conacher is hit by Brayden Point and loses puck.
10:34 of 2nd period - Jaccob Slavin is hit by Daniel Briere.
11:06 of 2nd period - Shot by Daniel Briere.
11:06 of 2nd period - Shot Hit the Post.
11:08 of 2nd period - Shot by Alexander Frolov.
11:08 of 2nd period - Goal by Alexander Frolov - Canucks : 1 - Sabres : 4.
11:09 of 2nd period - Nicklas Backstrom wins face-off versus Logan Couture in neutral zone.
11:29 of 2nd period - James Van Riemsdyk is hit by Zach Bogosian and loses puck.
11:35 of 2nd period - Minor Penalty to Zach Bogosian for Hooking.
11:36 of 2nd period - Tomas Plekanec wins face-off versus Nicklas Backstrom in Canucks zone.
11:53 of 2nd period - Shot by Darren Helm.
11:53 of 2nd period - Shot Misses the Net.
12:03 of 2nd period - Shot by Andrej Sekera.
12:03 of 2nd period - Shot Blocked by Paul Martin.
12:05 of 2nd period - Shot by Andrej Sekera.
12:05 of 2nd period - Shot Misses the Net.
12:07 of 2nd period - Shot by Nicklas Backstrom.
12:07 of 2nd period - Stopped by Chad Johnson without a rebound.
12:08 of 2nd period - Logan Couture wins face-off versus Daniel Briere in Canucks zone.
12:34 of 2nd period - Shot by J.P. Dumont.
12:34 of 2nd period - Stopped by Chad Johnson without a rebound.
12:35 of 2nd period - Nicklas Backstrom wins face-off versus Logan Couture in Canucks zone.
12:42 of 2nd period - Shot by Darren Helm.
12:42 of 2nd period - Shot Misses the Net.
12:46 of 2nd period - Shot by Alexander Frolov.
12:46 of 2nd period - Deflect By Darren Helm.
12:46 of 2nd period - Shot Misses the Net.
12:48 of 2nd period - Shot by Darren Helm.
12:48 of 2nd period - Goal by Darren Helm - Canucks : 1 - Sabres : 5.
12:49 of 2nd period - *Nolan Patrick wins face-off versus Brandon Pirri in neutral zone.
13:05 of 2nd period - Radim Vrbata is hit by Simon Despres and loses puck.
13:10 of 2nd period - Shot by Radim Vrbata.
13:10 of 2nd period - Shot Misses the Net.
13:12 of 2nd period - Shot by Marc Staal.
13:12 of 2nd period - Shot Hit the Post.
13:14 of 2nd period - Shot by Radim Vrbata.
13:14 of 2nd period - Stopped by Michal Neuvirth without a rebound.
13:15 of 2nd period - Logan Couture wins face-off versus Daniel Briere in Sabres zone.
13:22 of 2nd period - Shot by Logan Couture.
13:22 of 2nd period - Shot Blocked by Andrej Sekera.
13:25 of 2nd period - Icing by Brent Seabrook.
13:26 of 2nd period - Tomas Plekanec wins face-off versus Darren Helm in Sabres zone.
13:31 of 2nd period - Shot by Tomas Plekanec.
13:31 of 2nd period - Shot Misses the Net.
13:33 of 2nd period - Shot by Jaccob Slavin.
13:33 of 2nd period - Shot Blocked by Brent Seabrook.
13:35 of 2nd period - Shot by Jaccob Slavin.
13:35 of 2nd period - Shot Misses the Net.
14:26 of 2nd period - J.P. Dumont is hit by Luke Glendening and loses puck.
16:20 of 2nd period - Adam Henrique is hit by Brent Seabrook and loses puck.
16:48 of 2nd period - Minor Penalty to Brent Seabrook for Tripping.
16:49 of 2nd period - Nicklas Backstrom wins face-off versus Logan Couture in Sabres zone.
18:27 of 2nd period - Icing by Logan Couture.
18:28 of 2nd period - Logan Couture wins face-off versus Nicklas Backstrom in Canucks zone.
18:54 of 2nd period - Brayden Point is hit by Connor Murphy and loses puck.
19:24 of 2nd period - Zach Bogosian is hit by Janne Lahti and loses puck.
19:38 of 2nd period - Icing by Zach Bogosian.
19:39 of 2nd period - Daniel Briere wins face-off versus Brayden Point in Canucks zone.
19:40 of 2nd period - Shot by Darren Helm.
19:40 of 2nd period - Shot Blocked by Zach Bogosian.
Goals for this period are 0 for Canucks vs 4 for Sabres.
Shots for this period are 7 for Canucks vs 7 for Sabres.

3rd period


0:01 of 3rd period - *Nolan Patrick wins face-off versus Daniel Briere in neutral zone.
0:13 of 3rd period - *Nolan Patrick is hit by Brent Seabrook and loses puck.
0:16 of 3rd period - Shot by Radim Vrbata.
0:16 of 3rd period - Stopped by Michal Neuvirth without a rebound.
0:16 of 3rd period - Minor Penalty to Brent Seabrook for Hooking.
0:17 of 3rd period - *Nolan Patrick wins face-off versus Nicklas Backstrom in Sabres zone.
0:26 of 3rd period - Shot by *Nolan Patrick.
0:26 of 3rd period - Shot Misses the Net.
0:28 of 3rd period - Shot by *Nolan Patrick.
0:28 of 3rd period - Stopped by Michal Neuvirth without a rebound.
0:29 of 3rd period - Nicklas Backstrom wins face-off versus Radim Vrbata in Sabres zone.
1:15 of 3rd period - Shot by Olli Maata.
1:15 of 3rd period - Shot Blocked by Jaccob Slavin.
2:09 of 3rd period - James Van Riemsdyk is hit by Marc Staal and loses puck.
2:23 of 3rd period - Adam Henrique is hit by Brent Seabrook and loses puck.
2:31 of 3rd period - Minor Penalty to Zach Bogosian for Slashing.
2:32 of 3rd period - Nicklas Backstrom wins face-off versus Tomas Plekanec in Canucks zone.
2:43 of 3rd period - Shot by Nicklas Backstrom.
2:43 of 3rd period - Shot Misses the Net.
2:45 of 3rd period - Shot by Alexander Frolov.
2:45 of 3rd period - Shot Blocked by Paul Martin.
2:49 of 3rd period - Shot by Andrej Sekera.
2:49 of 3rd period - Stopped by Chad Johnson with a rebound.
2:51 of 3rd period - Shot by Alexander Frolov.
2:51 of 3rd period - Stopped by Chad Johnson without a rebound.
2:52 of 3rd period - Tomas Plekanec wins face-off versus James Van Riemsdyk in Canucks zone.
3:21 of 3rd period - Shot by Dougie Hamilton.
3:21 of 3rd period - Shot Blocked by Jaccob Slavin.
3:23 of 3rd period - Shot by Daniel Briere.
3:23 of 3rd period - Stopped by Chad Johnson without a rebound.
3:24 of 3rd period - Tomas Plekanec wins face-off versus Nicklas Backstrom in Canucks zone.
4:37 of 3rd period - Shot by Olli Maata.
4:37 of 3rd period - Shot Misses the Net.
4:39 of 3rd period - Shot by Connor Murphy.
4:39 of 3rd period - Stopped by Chad Johnson without a rebound.
4:40 of 3rd period - Brandon Pirri wins face-off versus *Nolan Patrick in Canucks zone.
4:57 of 3rd period - Shot by T.J. Oshie.
4:57 of 3rd period - Shot Misses the Net.
5:50 of 3rd period - Shot by Jannik Hansen.
5:50 of 3rd period - Stopped by Michal Neuvirth without a rebound.
5:51 of 3rd period - Alexander Frolov wins face-off versus Tomas Plekanec in Sabres zone.
6:19 of 3rd period - Shot by Daniel Briere.
6:19 of 3rd period - Stopped by Chad Johnson with a rebound.
6:21 of 3rd period - Shot by Andrej Sekera.
6:21 of 3rd period - Shot Misses the Net.
6:50 of 3rd period - Icing by Connor Murphy.
6:51 of 3rd period - Logan Couture wins face-off versus Nicklas Backstrom in Sabres zone.
7:17 of 3rd period - Minor Penalty to Connor Murphy for Slashing.
7:18 of 3rd period - Nicklas Backstrom wins face-off versus Logan Couture in Sabres zone.
7:40 of 3rd period - Off-side.
7:41 of 3rd period - Nicklas Backstrom wins face-off versus *Nolan Patrick in neutral zone.
8:31 of 3rd period - Icing by T.J. Oshie.
8:32 of 3rd period - Nicklas Backstrom wins face-off versus Logan Couture in Canucks zone.
9:11 of 3rd period - Shot by Darren Helm.
9:11 of 3rd period - Stopped by Chad Johnson without a rebound.
9:12 of 3rd period - *Nolan Patrick wins face-off versus Darren Helm in Canucks zone.
9:12 of 3rd period - *Nolan Patrick is hit by Daniel Briere.
9:32 of 3rd period - Shot by Adam Henrique.
9:32 of 3rd period - Stopped by Michal Neuvirth without a rebound.
9:33 of 3rd period - Tomas Plekanec wins face-off versus Daniel Briere in Sabres zone.
9:42 of 3rd period - Shot by Tomas Plekanec.
9:42 of 3rd period - Stopped by Michal Neuvirth without a rebound.
9:43 of 3rd period - Daniel Briere wins face-off versus *Nolan Patrick in Sabres zone.
9:43 of 3rd period - Andrej Sekera is hit by Radim Vrbata and loses puck.
10:05 of 3rd period - Daniel Briere is hit by Karl Alzner and loses puck.
10:18 of 3rd period - T.J. Oshie is hit by Daniel Briere and loses puck.
10:49 of 3rd period - Shot by Jannik Hansen.
10:49 of 3rd period - Stopped by Michal Neuvirth with a rebound.
10:57 of 3rd period - Shot by Nicklas Backstrom.
10:57 of 3rd period - Stopped by Chad Johnson without a rebound.
10:58 of 3rd period - Tomas Plekanec wins face-off versus Victor Rask in Canucks zone.
11:32 of 3rd period - Connor Murphy is hit by Zach Bogosian and loses puck.
13:08 of 3rd period - Shot by T.J. Oshie.
13:08 of 3rd period - Stopped by Michal Neuvirth with a rebound.
13:38 of 3rd period - Shot by Simon Despres.
13:38 of 3rd period - Stopped by Chad Johnson without a rebound.
13:39 of 3rd period - Luke Glendening wins face-off versus Nicklas Backstrom in Canucks zone.
13:46 of 3rd period - Shot by Nicklas Backstrom.
13:46 of 3rd period - Stopped by Chad Johnson without a rebound.
13:47 of 3rd period - Nicklas Backstrom wins face-off versus Jordan Eberle in Canucks zone.
13:56 of 3rd period - Shot by J.P. Dumont.
13:56 of 3rd period - Shot Misses the Net.
14:26 of 3rd period - Shot by Jannik Hansen.
14:26 of 3rd period - Stopped by Michal Neuvirth with a rebound.
14:28 of 3rd period - Shot by Zach Bogosian.
14:28 of 3rd period - Stopped by Michal Neuvirth without a rebound.
14:29 of 3rd period - *Nolan Patrick wins face-off versus Brandon Pirri in Sabres zone.
14:32 of 3rd period - Shot by T.J. Oshie.
14:32 of 3rd period - Deflect By Radim Vrbata.
14:32 of 3rd period - Stopped by Michal Neuvirth with a rebound.
14:53 of 3rd period - Janne Lahti is hit by Alexander Edler and loses puck.
15:10 of 3rd period - Janne Lahti is hit by T.J. Oshie and loses puck.
15:18 of 3rd period - Connor Murphy is hit by Radim Vrbata and loses puck.
15:31 of 3rd period - Minor Penalty to T.J. Oshie for Hooking.
15:32 of 3rd period - Nicklas Backstrom wins face-off versus Tomas Plekanec in Canucks zone.
15:53 of 3rd period - Shot by Andrej Sekera.
15:53 of 3rd period - Stopped by Chad Johnson with a rebound.
16:13 of 3rd period - Zach Bogosian is hit by Brent Seabrook.
16:22 of 3rd period - Off-side.
16:23 of 3rd period - Daniel Briere wins face-off versus Tomas Plekanec in neutral zone.
16:34 of 3rd period - Shot by Simon Despres.
16:34 of 3rd period - Deflect By Daniel Briere.
16:34 of 3rd period - Shot Misses the Net.
17:19 of 3rd period - Icing by Alexander Frolov.
17:20 of 3rd period - Nicklas Backstrom wins face-off versus Logan Couture in Sabres zone.
17:20 of 3rd period - Nicklas Backstrom is hit by Jannik Hansen.
17:41 of 3rd period - Olli Maata is hit by *Nolan Patrick and loses puck.
18:05 of 3rd period - T.J. Oshie is hit by Connor Murphy and loses puck.
18:32 of 3rd period - Victor Rask is hit by Jannik Hansen and loses puck.
18:51 of 3rd period - Shot by Victor Rask.
18:51 of 3rd period - Stopped by Chad Johnson without a rebound.
18:52 of 3rd period - Tomas Plekanec wins face-off versus Daniel Briere in Canucks zone.
18:52 of 3rd period - Tomas Plekanec is hit by Daniel Briere.
19:06 of 3rd period - Off-side.
19:07 of 3rd period - Tomas Plekanec wins face-off versus Nicklas Backstrom in neutral zone.
19:12 of 3rd period - Shot by Adam Henrique.
19:12 of 3rd period - Stopped by Michal Neuvirth without a rebound.
19:13 of 3rd period - Daniel Briere wins face-off versus Logan Couture in Sabres zone.
19:18 of 3rd period - Shot by Logan Couture.
19:18 of 3rd period - Deflect By Jordan Eberle.
19:18 of 3rd period - Shot Blocked by Andrej Sekera.
19:26 of 3rd period - Shot by Alexander Frolov.
19:26 of 3rd period - Stopped by Chad Johnson without a rebound.
19:27 of 3rd period - Nicklas Backstrom wins face-off versus *Nolan Patrick in Canucks zone.
19:30 of 3rd period - Shot by James Van Riemsdyk.
19:30 of 3rd period - Stopped by Chad Johnson without a rebound.
19:31 of 3rd period - Daniel Briere wins face-off versus Logan Couture in Canucks zone.
Goals for this period are 0 for Canucks vs 0 for Sabres.
Shots for this period are 11 for Canucks vs 13 for Sabres.